NTL
HURON CUBS @ DULUTH-SUPERIOR DUKES
06/18/1982
 
TOP OF THE 1ST
Huron Cubs batting - Pitching for Duluth-Superior Dukes : RHP Anthony Kelley
Pitching: RHP Anthony Kelley
Batting: LHB Gary Varsho 0-0: Swinging Strike
0-1: Bunted foul
0-2: Foul Ball, location: 2F
0-2: Ball
1-2: Ground out 6-3 (Groundball, 6, EV 87.5 MPH)
Batting: RHB Greg Zunino 0-0: Foul Ball, location: 2F
0-1: Ball
1-1: Fly out, F9 (Flyball, 89S, EV 95.6 MPH)
Batting: RHB Mark Carreon 0-0: Reached on error, E6 (Groundball, 6, EV 85.0 MPH)
Batting: RHB John Alvarez 0-0: Ball
1-0: Ball
2-0: Fly out, F4 (Flyball, 4MD, EV 93.1 MPH)
Top of the 1st over - 0 runs, 0 hits, 1 error, 1 left on base; Huron 0 - Duluth-Superior 0
BOTTOM OF THE 1ST
Duluth-Superior Dukes batting - Pitching for Huron Cubs : RHP Ben Callahan
Pitching: RHP Ben Callahan
Batting: RHB Ricky Sheetz 0-0: Foul Ball, location: 2F
0-1: Swinging Strike
0-2: Strikes out looking
Batting: LHB Ralph Bryant 0-0: Ball
1-0: Ball
2-0: SINGLE (Line Drive, 7LS, EV 109.4 MPH)
Batting: LHB Ron Henika 0-0: Ball
1-0: Foul Ball, location: 2F
1-1: Called Strike
1-2: Ball
2-2: Ground out 3-1 (Groundball, 34S, EV 76.3 MPH)
Ralph Bryant to second
Batting: RHB Dave Hengel 0-0: Ball
1-0: Fly out, F6 (Line Drive, 6, EV 66.9 MPH)
Bottom of the 1st over - 0 runs, 1 hit, 0 errors, 1 left on base; Huron 0 - Duluth-Superior 0
TOP OF THE 2ND
Huron Cubs batting - Pitching for Duluth-Superior Dukes : RHP Anthony Kelley
Batting: LHB Willis Gonzalez 0-0: Called Strike
0-1: Foul Ball, location: 2F
0-2: Fly out, F6 (Flyball, 6D, EV 90.0 MPH)
Batting: RHB Mike Stellern 0-0: Called Strike
0-1: Called Strike
0-2: Foul Ball, location: 2F
0-2: Ball
1-2: DOUBLE (Flyball, 8RXD, EV 93.8 MPH)
Batting: RHB Ray Ortega 0-0: Ball
1-0: Ball
2-0: Ball
3-0: Called Strike
3-1: Ground out 5-3 (Groundball, 56, EV 93.8 MPH)
Batting: RHB Phillip Wilson 0-0: Foul Ball, location: 2F
0-1: Ground out 6-3 (Groundball, 6, EV 85.0 MPH)
Top of the 2nd over - 0 runs, 1 hit, 0 errors, 1 left on base; Huron 0 - Duluth-Superior 0
BOTTOM OF THE 2ND
Duluth-Superior Dukes batting - Pitching for Huron Cubs : RHP Ben Callahan
Batting: RHB Joseph Maloney 0-0: Called Strike
0-1: Swinging Strike
0-2: Ball
1-2: Ball
2-2: Fly out, F8 (Line Drive, 8RM, EV 92.5 MPH)
Batting: RHB Jim Ferguson 0-0: Ball
1-0: Ball
2-0: Foul Ball, location: 2F
2-1: Swinging Strike
2-2: Foul Ball, location: 2F
2-2: Ball
3-2: Base on Balls
Batting: RHB Cecil Whitehead Pickoff Throw to First - Out! 1-3
0-0: Called Strike
0-1: Foul Ball, location: 2F
0-2: Ball
1-2: Fly out, F2 (Popup, 23F, EV 85.0 MPH)
Bottom of the 2nd over - 0 runs, 0 hits, 0 errors, 0 left on base; Huron 0 - Duluth-Superior 0
TOP OF THE 3RD
Huron Cubs batting - Pitching for Duluth-Superior Dukes : RHP Anthony Kelley
Batting: SHB Keith Smith 0-0: Called Strike
0-1: Swinging Strike
0-2: Ball
1-2: Ball
2-2: Ground out 4-3 (Groundball, 4, EV 85.0 MPH)
Batting: LHB Gary Varsho 0-0: Called Strike
0-1: Ball
1-1: Foul Ball, location: 2F
1-2: Strikes out swinging
Batting: RHB Greg Zunino 0-0: Called Strike
0-1: Foul Ball, location: 2F
0-2: Ball
1-2: Ball
2-2: Fly out, F6 (Flyball, 4MD, EV 90.6 MPH)
Top of the 3rd over - 0 runs, 0 hits, 0 errors, 0 left on base; Huron 0 - Duluth-Superior 0
BOTTOM OF THE 3RD
Duluth-Superior Dukes batting - Pitching for Huron Cubs : RHP Ben Callahan
Batting: RHB Hector Cervantes 0-0: Ball
1-0: Ground out 4-3 (Groundball, 4, EV 89.4 MPH)
Batting: RHB Everette Smith 0-0: Fly out, F8 (Flyball, 8RS, EV 90.6 MPH)
Batting: RHB Ricky Sheetz 0-0: Fly out, F8 (Flyball, 8RXD, EV 93.1 MPH)
Bottom of the 3rd over - 0 runs, 0 hits, 0 errors, 0 left on base; Huron 0 - Duluth-Superior 0
TOP OF THE 4TH
Huron Cubs batting - Pitching for Duluth-Superior Dukes : RHP Anthony Kelley
Batting: RHB Mark Carreon 0-0: SINGLE (Line Drive, 9S, EV 106.9 MPH)
Batting: RHB John Alvarez 0-0: Ball
1-0: Grounds into double play, 5-4-3 (Groundball, 5S, EV 88.1 MPH)
Batting: LHB Willis Gonzalez 0-0: Ground out U3 (Groundball, 34, EV 101.9 MPH)
Top of the 4th over - 0 runs, 1 hit, 0 errors, 0 left on base; Huron 0 - Duluth-Superior 0
BOTTOM OF THE 4TH
Duluth-Superior Dukes batting - Pitching for Huron Cubs : RHP Ben Callahan
Batting: LHB Ralph Bryant 0-0: Ground out 5-3 (Groundball, 15, EV 83.8 MPH)
Batting: LHB Ron Henika 0-0: Ball
1-0: Called Strike
1-1: Ball
2-1: Ground out 4-3 (Groundball, 4, EV 101.9 MPH)
Batting: RHB Dave Hengel 0-0: Called Strike
0-1: Ball
1-1: Swinging Strike
1-2: Strikes out looking
Bottom of the 4th over - 0 runs, 0 hits, 0 errors, 0 left on base; Huron 0 - Duluth-Superior 0
TOP OF THE 5TH
Huron Cubs batting - Pitching for Duluth-Superior Dukes : RHP Anthony Kelley
Batting: RHB Mike Stellern 0-0: Ground out 4-3 (Groundball, 4, EV 104.4 MPH)
Batting: RHB Ray Ortega 0-0: Ball
1-0: Foul Ball, location: 2F
1-1: Called Strike
1-2: Strikes out swinging
Batting: RHB Phillip Wilson 0-0: Called Strike
0-1: Ball
1-1: Ball
2-1: Swinging Strike
2-2: Fly out, F9 (Flyball, 9LS, EV 93.1 MPH)
Top of the 5th over - 0 runs, 0 hits, 0 errors, 0 left on base; Huron 0 - Duluth-Superior 0
BOTTOM OF THE 5TH
Duluth-Superior Dukes batting - Pitching for Huron Cubs : RHP Ben Callahan
Batting: RHB Joseph Maloney 0-0: Foul Ball, location: 2F
0-1: Ball
1-1: Ball
2-1: Swinging Strike
2-2: Foul Ball, location: 2F
2-2: SINGLE (Line Drive, 7LS, EV 100.6 MPH)
Batting: RHB Jim Ferguson 0-0: Bunted foul
0-1: Sac Bunt to 25 - play at first, batter OUT! 5-4
Joseph Maloney to second
Batting: RHB Cecil Whitehead 0-0: Called Strike
0-1: Ball
1-1: Called Strike
1-2: Ball
2-2: Ball
3-2: Base on Balls
Batting: RHB Hector Cervantes 0-0: Ball
1-0: Fly out, F9 (Flyball, 9, EV 93.8 MPH)
Batting: RHB Everette Smith 0-0: Called Strike
0-1: Fly out, F4 (Popup, 4M, EV 56.9 MPH)
Bottom of the 5th over - 0 runs, 1 hit, 0 errors, 2 left on base; Huron 0 - Duluth-Superior 0
TOP OF THE 6TH
Huron Cubs batting - Pitching for Duluth-Superior Dukes : RHP Anthony Kelley
Batting: SHB Keith Smith 0-0: Called Strike
0-1: Ground out 4-3 (Groundball, 4, EV 93.8 MPH)
Batting: LHB Gary Varsho 0-0: Called Strike
0-1: Foul Ball, location: 2F
0-2: Ball
1-2: Fly out, F9 (Flyball, 89D, EV 96.3 MPH)
Batting: RHB Greg Zunino 0-0: Fly out, F8 (Flyball, 8RS, EV 72.5 MPH)
Top of the 6th over - 0 runs, 0 hits, 0 errors, 0 left on base; Huron 0 - Duluth-Superior 0
BOTTOM OF THE 6TH
Duluth-Superior Dukes batting - Pitching for Huron Cubs : RHP Ben Callahan
Batting: RHB Ricky Sheetz 0-0: Foul Ball, location: 2F
0-1: SINGLE (Line Drive, 4M, EV 107.5 MPH)
Batting: LHB Ralph Bryant 0-0: Ball
Ricky Sheetz steals 2nd base
1-0: Swinging Strike
1-1: Ball
2-1: Called Strike
2-2: Strikes out swinging
Batting: LHB Ron Henika 0-0: Fly out, F6 (Popup, P, EV 73.1 MPH)
Batting: RHB Dave Hengel 0-0: Called Strike
0-1: Ball
1-1: Ball
2-1: Ball
3-1: Swinging Strike
3-2: Base on Balls
Batting: RHB Joseph Maloney 0-0: Called Strike
0-1: Ball
1-1: Foul Ball, location: 2F
1-2: Fly out, F3 (Popup, 3F, EV 71.9 MPH)
Bottom of the 6th over - 0 runs, 1 hit, 0 errors, 2 left on base; Huron 0 - Duluth-Superior 0
TOP OF THE 7TH
Huron Cubs batting - Pitching for Duluth-Superior Dukes : RHP Anthony Kelley
Batting: RHB Mark Carreon 0-0: Called Strike
0-1: Ball
1-1: Called Strike
1-2: Foul Ball, location: 2F
1-2: Ball
2-2: Fly out, F6 (Popup, 4MD, EV 57.5 MPH)
Batting: RHB John Alvarez 0-0: SINGLE (Flyball, 89M, EV 88.8 MPH)
Batting: LHB Willis Gonzalez 0-0: Called Strike
0-1: Swinging Strike
0-2: Foul Ball, location: 2F
0-2: Ball
1-2: Strikes out swinging
Batting: RHB Mike Stellern 0-0: Called Strike
0-1: Ball
1-1: Foul Ball, location: 2F
1-2: Fly out, F6 (Popup, 6M, EV 63.1 MPH)
Top of the 7th over - 0 runs, 1 hit, 0 errors, 1 left on base; Huron 0 - Duluth-Superior 0
BOTTOM OF THE 7TH
Duluth-Superior Dukes batting - Pitching for Huron Cubs : RHP Ben Callahan
Batting: RHB Jim Ferguson 0-0: Called Strike
0-1: Fly out, F6 (Flyball, 56D, EV 92.5 MPH)
Batting: RHB Cecil Whitehead 0-0: Ground out 6-3 (Groundball, 6, EV 83.8 MPH)
Batting: RHB Hector Cervantes 0-0: Foul Ball, location: 2F
0-1: Ball
1-1: Fly out, F9 (Flyball, 9, EV 92.5 MPH)
Bottom of the 7th over - 0 runs, 0 hits, 0 errors, 0 left on base; Huron 0 - Duluth-Superior 0
TOP OF THE 8TH
Huron Cubs batting - Pitching for Duluth-Superior Dukes : RHP Anthony Kelley
Batting: RHB Ray Ortega 0-0: Foul Ball, location: 2F
0-1: Ball
1-1: Ground out 5-3 (Groundball, 5D, EV 107.5 MPH)
Batting: RHB Phillip Wilson 0-0: Ball
1-0: Foul Ball, location: 2F
1-1: Foul Ball, location: 2F
1-2: Fly out, F8 (Flyball, 78M, EV 89.4 MPH)
Batting: SHB Keith Smith 0-0: Ball
1-0: Ball
2-0: Called Strike
2-1: Ball
3-1: DOUBLE (Line Drive, 89M, EV 109.4 MPH)
Batting: LHB Gary Varsho 0-0: Ball
1-0: Called Strike
1-1: Ball
2-1: Fly out, F9 (Flyball, 9S, EV 86.3 MPH)
Top of the 8th over - 0 runs, 1 hit, 0 errors, 1 left on base; Huron 0 - Duluth-Superior 0
BOTTOM OF THE 8TH
Duluth-Superior Dukes batting - Pitching for Huron Cubs : RHP Ben Callahan
Batting: RHB Everette Smith 0-0: Called Strike
0-1: Ball
1-1: Called Strike
1-2: Strikes out swinging
Batting: RHB Ricky Sheetz 0-0: Ball
1-0: Called Strike
1-1: Ball
2-1: Fly out, F8 (Flyball, 8RM, EV 81.3 MPH)
Batting: LHB Ralph Bryant 0-0: SINGLE (Groundball, 4MS, EV 68.8 MPH) (infield hit)
Batting: LHB Ron Henika 0-0: Ball
Ralph Bryant is caught stealing 2nd base 2-6
Bottom of the 8th over - 0 runs, 1 hit, 0 errors, 0 left on base; Huron 0 - Duluth-Superior 0
TOP OF THE 9TH
Huron Cubs batting - Pitching for Duluth-Superior Dukes : RHP Anthony Kelley
Batting: RHB Greg Zunino 0-0: Foul Ball, location: 2F
0-1: Ball
1-1: Foul Ball, location: 2F
1-2: Foul Ball, location: 2F
1-2: Foul Ball, location: 2F
1-2: Ball
2-2: Ground out 4-3 (Groundball, 4, EV 84.4 MPH)
Pitching: RHP Arthur Diekmann
Batting: RHB Mark Carreon 0-0: Ball
1-0: Ball
2-0: Called Strike
2-1: Called Strike
2-2: Foul Ball, location: 2F
2-2: Ball
3-2: Fly out, F8 (Line Drive, 8RM, EV 105.0 MPH)
Pinch Hitting: LHB Thomas Copeland 0-0: Ball
1-0: Ball
2-0: Foul Ball, location: 2F
2-1: Fly out, F8 (Flyball, 8RD, EV 98.1 MPH)
Top of the 9th over - 0 runs, 0 hits, 0 errors, 0 left on base; Huron 0 - Duluth-Superior 0
BOTTOM OF THE 9TH
Duluth-Superior Dukes batting - Pitching for Huron Cubs : RHP Ben Callahan
Now at 3B: Chris Pittaro
Batting: LHB Ron Henika 0-0: Called Strike
0-1: SOLO HOME RUN (Flyball, 9LD, EV 103.1 MPH), Distance : 352 ft
Bottom of the 9th over - 1 run, 1 hit, 0 errors, 0 left on base; Huron 0 - Duluth-Superior 1
GAME OVER ... DULUTH
Superior defeats Huron, 1 to 0
Friday, August 7th, 2020 - OOTP Baseball 21.5 Build 76